 Dungeon Crawl Stone Soup version 0.27-a0-1105-g946c659c87 (webtiles) character file.

Game seed: 6713498429200830992

2254 DogServant the Basher (level 9, -1/73 HPs)
             Began as a Palentonga Warper on Apr 30, 2021.
             Slain by a killer bee (6 damage)
             ... on level 8 of the Dungeon.
             The game lasted 00:24:13 (6114 turns).

DogServant the Basher (Palentonga Warper)           Turns: 6114, Time: 00:24:14

Health: -1/73      AC: 12    Str: 18    XL:     9   Next: 15%
Magic:  10/12      EV:  9    Int: 14    God:
Gold:   197        SH:  0    Dex:  9    Spells: 1/12 levels left

rFire    + . .     SeeInvis +   q - +3 flail
rCold    . . .     Faith    .   (no shield)
rNeg     + . .     Spirit   .   b - +1 leather armour
rPois    .         Reflect  .   (helmet currently unavailable)
rElec    .         Harm     .   (no cloak)
rCorr    .         Rampage  .   (no gloves)
Will     .....                  (no barding)
Stlth    +.........             g - amulet of regeneration
HPRegen  1.22/turn              t - ring of protection from fire
MPRegen  0.13/turn              v - ring of positive energy

@: lethally poisoned (-1 -> -7), appendages (expiring), wereblooded, curled up
A: horns 2, talons 2, large, rugged brown scales 3, see invisible, deformed
body, roll 1, armoured tail, reflexive curl
a: Rolling Charge, End Transformation


You were on level 8 of the Dungeon.
You had temporarily grown beastly horns and talons.
You visited 1 branch of the dungeon, and saw 8 of its levels.

You collected 197 gold pieces.

Inventory:

Hand Weapons
 f - a +2 dagger of venom
 q - a +3 flail (weapon)
 r - a +1 short sword of electrocution
 B - a +0 morningstar
Missiles
 e - 3 boomerangs of dispersal
 n - 5 atropa-tipped darts (quivered)
Armour
 b - a +1 leather armour (worn)
 i - a +0 kite shield
Jewellery
 g - an amulet of regeneration (around neck)
 l - a ring of fire
 t - a ring of protection from fire (left hand)
 v - a ring of positive energy (right hand)
Wands
 a - a wand of iceblast (4)
 D - a wand of mindburst (15)
Scrolls
 c - a scroll of immolation
 d - a scroll of blinking
 j - 2 scrolls of vulnerability
Potions
 o - 3 potions of attraction
 p - 2 potions of flight {unknown}
 s - 2 potions of curing {unknown}
 u - 2 potions of degeneration {unknown}
 z - a potion of brilliance {unknown}
 A - 2 potions of ambrosia {unknown}


   Skills:
 + Level 5.9 Fighting
 + Level 9.0 Maces & Flails
 - Level 0.6 Throwing
 - Level 1.2 Armour
 - Level 1.7 Dodging
 + Level 2.2 Shields
 - Level 2.1 Spellcasting
 - Level 5.0 Translocations
 - Level 3.0 Transmutations


You had one spell level left.
You knew the following spells:

 Your Spells              Type           Power      Damage    Failure   Level
a - Blink                 Tloc           N/A        N/A       5%          2
b - Gell's Gravitas       Tloc           7%         N/A       11%         3
c - Beastly Appendage     Tmut           18%        N/A       9%          1
d - Wereblood             Tmut           9%         N/A       12%         2
e - Teleport Other        Tloc           15%        N/A       11%         3

Your spell library contained the following spells:

 Spells                   Type           Power      Damage    Failure   Level
 Lesser Beckoning         Tloc           7%         N/A       11%         3
 Spider Form              Tmut/Pois      2%         N/A       41%         3
 Manifold Assault         Tloc           15%        N/A       69%         5
 Ice Form                 Ice/Tmut       5%         N/A       83%         4
 Hydra Form               Tmut           4%         N/A       92%         5


Dungeon Overview and Level Annotations

Branches:
Dungeon (8/15)
 Temple: D:4-7         Lair: D:8-11

Altars:
Ashenzari
Cheibriados
Makhleb
Qazlal
Ru
Uskayaw
Xom
The Shining One

Shops:
D:8 (

Annotations:
D:4 2 runed translucent doors, philipeq's ghost, amateur DsMo
D:7 Pikel


Innate Abilities, Weirdness & Mutations

You have temporarily grown beastly horns and talons.
You are completely covered in rugged brown scales. (AC +3, +7% HP)
You have supernaturally acute eyesight. (SInv)
Armour fits poorly on your strangely shaped body.
You can roll at nearby foes to attack.
You have a long armoured tail.
You curl defensively after being hit.


Message History

The killer bee closely misses you.
Okay, then.
Okay, then.
You barely miss the killer bee.
Your tail-slap misses the killer bee.
The killer bee is severely wounded.
You feel very sick. The killer bee barely misses you.
The killer bee stings you.
The killer bee stings you but does no damage. x2
The killer bee closely misses you.
You miss the killer bee. Your kick misses the killer bee.
Your tail-slap misses the killer bee.
The killer bee is severely wounded.
You feel very sick. The killer bee closely misses you.
The killer bee stings you.
The killer bee stings you but does no damage.
The killer bee closely misses you. The killer bee barely misses you.
The killer bee closely misses you.
You closely miss the killer bee.
The killer bee is severely wounded.
You feel very sick. The killer bee stings you!
* * * LOW HITPOINT WARNING * * *
You are more poisoned.
The killer bee poisons you!
The killer bee stings you but does no damage. x2
The killer bee misses you.
The killer bee stings you but does no damage.
The killer bee stings you.
* * * LOW HITPOINT WARNING * * *
You miss the killer bee. Your kick misses the killer bee.
Your tail-slap misses the killer bee.
The killer bee is severely wounded.
You feel very sick. The killer bee stings you.
* * * LOW HITPOINT WARNING * * *
The killer bee stings you.
* * * LOW HITPOINT WARNING * * *
The killer bee stings you but does no damage.
The killer bee stings you.
You die...

#<# .#
#.#####.#
#8.8.8..#
#.⌠.⌠.####.#
#8.∩.8......
##.⌠.⌠..###.
#.8.8.8##
#.###y## ...
#@y# .#..
#y## #
#...yo#
#..#y## #.
#. yy #. #.
#. # #. #.


You could see 5 killer bees and an orc.

Vanquished Creatures
  Sigmund (D:5)
  Eustachio (D:4)
  2 water moccasins
  A sky beast (D:6)
  2 centaurs
  2 phantoms
  3 bullfrogs
  A scorpion (D:5)
  4 killer bees (D:7)
  A howler monkey (D:6)
  A jelly (D:5)
  A centaur zombie (D:7)
  A gnoll shaman (D:7)
  An orc priest (D:6)
  2 hounds (D:6)
  4 centaur skeletons
  2 iguanas
  Natasha (thrice) (D:2)
  Terence (D:2)
  5 orc wizards
  A hound skeleton (D:4)
  A howler monkey zombie (D:7)
  8 gnolls
  A howler monkey skeleton (D:5)
  5 adders
  2 white imps (D:6)
  An ufetubus (D:6)
  A worm (D:3)
  2 dart slugs
  26 orcs
  5 endoplasms
  7 giant cockroaches
  8 goblins
  6 hobgoblins
  6 jackals
  6 ball pythons
  4 bats
  A frilled lizard (D:1)
  8 kobolds
  12 rats
  A butterfly (D:6)
151 creatures vanquished.

Vanquished Creatures (collateral kills)
  A lemure (D:7)
1 creature vanquished.

Vanquished Creatures (others)
  14 toadstools (D:1)
14 creatures vanquished.

Grand Total: 166 creatures vanquished

Notes
Turn   | Place    | Note
-------+----------+-------------------------------------------
     0 | D:1      | DogServant the Palentonga Warper began the quest for the
                  | Orb.
     0 | D:1      | Reached XP level 1. HP: 17/17 MP: 3/3
    88 | D:1      | Reached XP level 2. HP: 4/23 MP: 5/5
   691 | D:1      | Reached XP level 3. HP: 12/29 MP: 6/6
  1159 | D:2      | Noticed Terence
  1165 | D:1      | Learned a level 2 spell: Blink
  1169 | D:1      | Learned a level 3 spell: Gell's Gravitas
  1285 | D:2      | Killed Terence
  1286 | D:2      | Reached skill level 3 in Maces & Flails
  1332 | D:2      | Reached XP level 4. HP: 34/36 MP: 7/7
  1470 | D:2      | Found a faded altar of an unknown god.
  1578 | D:2      | Noticed Natasha
  1584 | D:2      | Killed Natasha
  1723 | D:2      | Noticed Natasha
  1730 | D:2      | Killed Natasha
  1731 | D:2      | Reached skill level 4 in Maces & Flails
  1841 | D:2      | Found a faded altar of an unknown god.
  2096 | D:2      | Noticed Natasha
  2103 | D:2      | Killed Natasha
  2104 | D:2      | Reached XP level 5. HP: 41/43 MP: 8/8
  2489 | D:3      | Reached skill level 5 in Maces & Flails
  2509 | D:3      | Reached skill level 1 in Armour
  2649 | D:3      | Found a broken altar of Ashenzari.
  2965 | D:3      | Found a stormy altar of Qazlal.
  3075 | D:3      | Learned a level 1 spell: Beastly Appendage
  3078 | D:3      | Learned a level 2 spell: Wereblood
  3135 | D:4      | Noticed Eustachio
  3143 | D:4      | Killed Eustachio
  3144 | D:4      | Reached skill level 1 in Transmutations
  3144 | D:4      | Reached XP level 6. HP: 48/50 MP: 9/9
  3157 | D:4      | Found a glowing golden altar of the Shining One.
  3363 | D:4      | Reached skill level 6 in Maces & Flails
  3364 | D:4      | Gained mutation: You curl defensively after being hit.
                  | [Palentonga growth]
  3364 | D:4      | Reached XP level 7. HP: 39/55 MP: 10/10
  3430 | D:4      | Found a snail-covered altar of Cheibriados.
  3589 | D:4      | Found a large runed translucent door.
  3589 | D:4      | Found a large runed translucent door.
  3598 | D:4      | Noticed philipeq's ghost (amateur DsMo)
  3614 | D:4      | Found a sacrificial altar of Ru.
  3905 | D:5      | Entered Level 5 of the Dungeon
  3939 | D:5      | Noticed Sigmund
  3954 | D:5      | Killed Sigmund
  4214 | D:5      | Noticed a yak
  4339 | D:6      | Found a burning altar of Makhleb.
  4380 | D:6      | Reached skill level 7 in Maces & Flails
  4440 | D:6      | Reached XP level 8. HP: 65/65 MP: 8/11
  4444 | D:6      | Learned a level 3 spell: Teleport Other
  4592 | D:6      | Reached skill level 5 in Fighting
  4738 | D:6      | Found a shimmering altar of Xom.
  4941 | D:6      | Reached skill level 8 in Maces & Flails
  5378 | D:7      | Found a hide-covered altar of Uskayaw.
  5413 | D:7      | Reached skill level 5 in Translocations
  5456 | D:7      | Reached skill level 1 in Shields
  5555 | D:7      | Reached XP level 9. HP: 73/73 MP: 10/12
  5776 | D:7      | Reached skill level 9 in Maces & Flails
  5980 | D:7      | Noticed Pikel
  6090 | D:8      | Found Pumuar's Antique Weapon Shoppe.
  6114 | D:8      | Slain by a killer bee

Illustrated notes

Levels and vault maps discovered:
D:1:      nagdon_arrival_zigzag_paths, layout_loops_ring, serial_forest,
          infiniplex_forest_lined_room_2, infiniplex_forest_lined_3,
          infiniplex_forest_clump_small, infiniplex_forest_end_double,
          infiniplex_forest_lined_room_2, infiniplex_forest_split,
          item_on_display_a
D:2:      layout_loops_ring, ebering_ecumenical_altar_webs, uniq_natasha,
          uniq_terence
D:3:      layout_rooms, nicolae_ashenzari_panopticon, marbit_many_paths,
          minivault_5
D:4:      layout_loops_ring, old_standard_altar, general_overflow_altar,
          nicolae_overflow_crystal_walls, ebering_ghost_disaster_area,
          uniq_eustachio
D:5:      layout_gridville, lemuel_round_altar, minmay_temple_entry_tees,
          chequers_hall_statues_corner_a, minmay_misc_feat_columns,
          corner_web_ring, serial_bayou_crossing, uniq_blork_the_orc,
          uniq_sigmund
D:6:      kennysheep_six_static_rooms, layout_basic, lemuel_tele_altar,
          xom_butterflies, minmay_misc_feat_doors, grunt_ministairs_14,
          kennysheep_generic_room_3
D:7:      layout_gridville, overflow_temple_1_default, grunt_decor_one_mirror,
          uniq_pikel
D:8:      layout_basic, tgw_kikubaaqudgha, erik_lair_orcish_takeover,
          serial_shops, nicolae_shop_temple_entry_statues_fountains,
          uniq_harold, uniq_maurice, uniq_gastronok

Skill      XL: |  1  2  3  4  5  6  7  8  9 |
---------------+----------------------------+-----
Maces & Flails | 3 4 5 6 7 8 9 |  9.0
Fighting       | 3 4 5 |  5.9
Armour         | 1 |  1.2
Transmutations | 1 2 3 |  3.0
Translocations | 5 |  5.0
Shields        | 1 2 |  2.2
Throwing       | |  0.6
Dodging        | |  1.7
Spellcasting   | |  2.1

Action                   |  1- 3 |  4- 6 |  7- 9 || total
-------------------------+-------+-------+-------++-------
Melee: Mace              |    59 |       |       ||    59
       Tailslap          |     8 |    13 |    26 ||    47
       Dagger            |    38 |    72 |       ||   110
       Short sword       |       |    62 |   154 ||   216
       Kick              |       |       |    15 ||    15
       Headbutt          |       |       |    12 ||    12
       Flail             |       |       |    74 ||    74
Throw: Boomerang         |     1 |     1 |       ||     2
 Cast: Blink             |       |     3 |     1 ||     4
       Beastly Appendage |       |       |    17 ||    17
       Wereblood         |       |       |     5 ||     5
       Gell's Gravitas   |       |       |     4 ||     4
 Abil: Rolling Charge    |    22 |    37 |    32 ||    91
  Use: Scroll            |       |       |    12 ||    12
       Potion            |       |       |     2 ||     2
Armor: Leather armour    |    35 |    28 |   104 ||   167
Dodge: Dodged            |    41 |    45 |   126 ||   212

Table legend: (Time is in decaauts)
 A = Elapsed time spent in this place.
 B = Non-inter-level travel time spent in this place.
 C = Inter-level travel time spent in this place.
 D = Time resting spent in this place.
 E = Time spent auto-exploring this place.
 F = Levels seen in this place.
 G = Mean time per level.
                   A        B        C        D        E       F      G
               +--------+--------+--------+--------+--------+-----+--------+
         Total |   6152 |   5934 |    218 |    106 |   4819 |   8 |  769.0 |
       Dungeon |   6152 |   5934 |    218 |    106 |   4819 |   8 |  769.0 |
               +--------+--------+--------+--------+--------+-----+--------+

Top non-repeatable levels by time:
     D:1: 1216 daAuts
     D:2: 1165 daAuts
     D:6: 1129 daAuts
     D:4: 775 daAuts
     D:3: 772 daAuts
     D:7: 709 daAuts
     D:5: 359 daAuts
     D:8: 23 daAuts
